 Dungeon Crawl Stone Soup version 0.21.0-3-g78d12a8 (webtiles) character file.

37613 Jatast the Basher (level 13, -2/95 HPs)
             Began as a Demonspawn Wanderer on Jan 13, 2018.
             Was a High Priest of Okawaru.
             Slain by a harpy (12 damage)
             ... summoned by Kirke
             ... on level 5 of the Lair of Beasts.
             The game lasted 00:44:26 (20272 turns).

Jatast the Basher (Demonspawn Wanderer)            Turns: 20272, Time: 00:44:27

Health: -2/95      AC:  0    Str: 16    XL:     13   Next: 59%
Magic:  19/19      EV: 19    Int: 14    God:    Okawaru [*****.]
Gold:   1005       SH:  0    Dex: 22    Spells: 9/12 levels left

rFire    . . .     SeeInvis .     - Unarmed
rCold    . . .     Gourm    .   (shield currently unavailable)
rNeg     + . .     Faith    +   (armour currently unavailable)
rPois    +         Spirit   .   (helmet currently unavailable)
rElec    .         Reflect  .   (cloak currently unavailable)
rCorr    .         Harm     .   (gloves currently unavailable)
MR       .....                  (boots currently unavailable)
Stlth    +++.......             n - amulet of Quashril {Faith rPois Dex+8 Slay-3}
HPRegen  0.25/turn              (ring currently unavailable)
MPRegen  0.16/turn              (ring currently unavailable)

@: pig-form, heroism, finesse, slowed
A: small, negative energy resistance 1, powered by pain 2
a: Heroism, Finesse, Renounce Religion


You were on level 5 of the Lair of Beasts.
You worshipped Okawaru.
Okawaru was extremely pleased with you.
You were not hungry.
You were a filthy swine.
You visited 3 branches of the dungeon, and saw 17 of its levels.

You collected 1005 gold pieces.

Inventory:

Hand Weapons
 b - a +0 whip
 e - a +0 spear
 s - a +0 morningstar of flaming (melded)
Armour
 h - a +1 pair of gloves (melded)
 q - a +0 helmet (melded)
 t - the +1 cloak of Juotiek (melded) {+Blink rF+}
   (You found it on level 4 of the Dungeon)

   It protects you from fire.
   It lets you blink.
 z - a +0 shield (melded)
 N - the +4 plate armour "Dagyisch" (melded) {rC- Regen+ Int+4}
   (Okawaru gifted it to you on level 2 of the Lair of Beasts)

   It affects your intelligence (+4).
   It makes you vulnerable to cold.
   It increases your rate of regeneration.
Jewellery
 n - the amulet of Quashril (around neck) {Faith rPois Dex+8 Slay-3}
   (You found it on level 4 of the Lair of Beasts)

   [amulet of faith]

   It allows you to gain divine favour quickly.
   It affects your dexterity (+8).
   It affects your accuracy and damage with ranged weapons and melee attacks
   (-3).
   It protects you from poison.
 A - an uncursed ring of flight
 B - an uncursed ring of see invisible
 D - an uncursed ring of protection from fire
 E - a ring of ice (melded)
 G - the ring "Arullobb" (melded) {rPois rF- rN++ EV+4 Stlth+}
   (You found it on level 8 of the Dungeon)

   [ring of evasion]

   It affects your evasion (+4).
   It makes you vulnerable to fire.
   It protects you from poison.
   It greatly protects you from negative energy.
   It makes you more stealthy.
 T - a +5 ring of slaying {unknown}
Wands
 d - a wand of scattershot (1)
 r - a wand of clouds (7)
 v - a wand of paralysis (25)
 C - a wand of polymorph (25)
 H - a wand of flame (70)
 J - a wand of random effects (16)
 O - a wand of digging (7)
 P - a wand of enslavement (15)
 S - a wand of acid (10)
Scrolls
 a - 3 scrolls of enchant armour
 c - 9 scrolls of teleportation
 g - 2 scrolls of amnesia
 l - 4 scrolls of remove curse
 w - 3 scrolls of fog
 x - 2 scrolls of fear
 y - a scroll of blinking
 I - 8 scrolls of identify
 R - a scroll of magic mapping
Potions
 i - 2 potions of haste
 j - 3 potions of agility
 k - 3 potions of curing
 m - 2 potions of ambrosia
 o - 4 potions of magic
 p - 7 potions of might
 u - 8 potions of brilliance
 F - 3 potions of flight
 K - 2 potions of heal wounds
 M - a potion of resistance
 U - a potion of invisibility
Books
 L - a book of Transfigurations

   Spells                             Type                      Level
   a - Irradiate                      Conjuration/Transmutation    5
   b - Statue Form                    Transmutation/Earth          6
   c - Hydra Form                     Transmutation                6
   d - Dragon Form                    Transmutation                7
Comestibles
 f - 26 rations
 Q - 5 chunks of flesh


   Skills:
 - Level 6.8(11.8) Fighting
 + Level 14.4(19.4) Maces & Flails
   Level 1.0(6.0) Bows
 + Level 8.0(13.0) Armour
 + Level 11.6(16.6) Shields
 - Level 8.1 Invocations
 - Level 2.0 Evocations


You had 9 spell levels left.
You knew the following spells:

 Your Spells              Type           Power        Failure   Level  Hunger
a - Spectral Weapon       Hex/Chrm       #.......     65%         3    ####...


Dungeon Overview and Level Annotations

Branches:
Dungeon (10/15)            Temple (1/1) D:7            Lair (6/6) D:10
  Swamp (0/4) Lair:4       Spider (0/4) Lair:4        Slime (0/5) Lair:5
    Orc (0/2) D:9

Altars:
Ashenzari
Cheibriados
Dithmenos
Elyvilon
Fedhas
Gozag
Hepliaklqana
Kikubaaqudgha
Makhleb
Nemelex Xobeh
Okawaru
Qazlal
Ru
Sif Muna
Trog
Uskayaw
Vehumet
Wu Jian
Xom
Yredelemnul
Zin
The Shining One
Beogh
Jiyva

Shops:
D:10 =

Annotations:
D:3 2 transporters
D:9 exclusion: oklob plant
Lair:5 exclusion: 2 oklob plants, Kirke


Innate Abilities, Weirdness & Mutations

((You have hoof-like feet.))
((You are partially covered in icy blue scales. (AC +2)))
((Your flesh is heat resistant. (rF+)))
You resist negative energy. (rN+)
You sometimes gain power by taking damage.


Message History

Your +0 helmet melds into your body.
Your +1 pair of gloves melds into your body.
Your +0 shield melds into your body.
The +4 plate armour "Dagyisch" {rC- Regen+ Int+4} melds into your body.
The ring "Arullobb" {rPois rF- rN++ EV+4 Stlth+} melds into your body.
Your ring of ice melds into your body.
Your +0 morningstar of flaming stops flaming.
The hog bites you. x2; The harpy closely misses you.
The harpy barely misses you.
You hit Kirke but do no damage.
Kirke is severely wounded.
The harpy claws you. The harpy barely misses you. The hog closely misses you.
The harpy claws you! The harpy completely misses you.
The harpy barely misses you.
The harpy misses you. x2; The harpy claws you.
The harpy barely misses you. The harpy claws you!
* * * LOW HITPOINT WARNING * * *
The hog closely misses you. The hog bites you!
* * * LOW HITPOINT WARNING * * *
The harpy claws you!
You die... ......# #.#####...... ...... .#.#......... ...... ...........#♣ ♣♣ PP....

....... ..#.♣♣.♣
.....###......#.#..♣.♣
...#...##......#....♣
.....>..###...h@h♣.♣
.......#.#.....hH.♣ ♣..
..##..##..#....hh♣....#
# ..♣ ♣
..#............H♣♣ ..##
#. ...♣.
.#....#.........# ##
#i# ...♣
.#...##.........#
#yi#♣..♣
##...#.##.###...#
#y#....
#...##.#....#...♣♣
##.♣..
....#............♣♣♣#
#.≈.♣
...#.............♣..#
#♣≈≈♣
...#......PP#...♣†♣≈##
##≈≈≈.


You could see Kirke, 2 harpies and 4 hogs.

Vanquished Creatures
  Josephine (Lair:6)
  4 hydras
  Fannar (D:10)
  5 death yaks (Lair:6)
  Sonja (Lair:2)
  Nergalle (Lair:2)
  A necromancer (Lair:3)
  2 manticores
  The ghost of removed the Nimble, a novice DEWr (D:7)
  A black mamba (Lair:6)
  5 elephants
  8 komodo dragons
  2 rime drakes
  9 spiny frogs
  2 polar bears
  4 blink frogs (Lair:6)
  8 hippogriffs
  3 wyverns (Lair:4)
  33 yaks
  2 wraiths (Lair:6)
  4 basilisks
  2 hungry ghosts
  A hog (Lair:5)
  A steam dragon (D:10)
  5 vampire mosquitoes (Lair:4)
  Duvessa (D:4)
  12 water moccasins
  2 elephant zombies (Lair:3)
  4 porcupines
  8 orc warriors
  6 ice beasts
  A black bear (D:10)
  3 phantoms
  2 sky beasts
  4 ogres
  6 centaurs
  5 wolves (Lair:2)
  3 crocodiles
  A big kobold (D:8)
  A komodo dragon zombie (Lair:3)
  19 bullfrogs
  Dowan (D:4)
  A scorpion (D:9)
  44 killer bees (Lair:5)
  3 wights (D:6)
  4 electric eels (Lair:3)
  A howler monkey (D:6)
  5 crimson imps
  14 jellies
  A basilisk zombie (Lair:3)
  2 bullfrog skeletons
  A centaur zombie (D:5)
  7 orc priests
  9 orc wizards
  Ijyb (D:5)
  5 iguanas
  6 worker ants
  A crocodile zombie (Lair:3)
  A mummy (D:5)
  8 gnolls
  12 adders
  20 oozes
  3 adder skeletons
  2 adder zombies
  2 worms (D:2)
  6 dart slugs
  5 leopard geckos
  70 orcs
  5 giant cockroaches
  14 goblins
  4 hobgoblins
  10 jackals
  9 kobolds (D:2)
  5 quokkas
  2 ball pythons
  13 bats
  5 frilled lizards
  A hobgoblin zombie (D:5)
  2 leopard gecko skeletons
  3 orc zombies (D:5)
  A quokka skeleton (D:6)
  A quokka zombie (D:8)
  10 rats
505 creatures vanquished.

Vanquished Creatures (others)
  A centaur (D:8)
  An adder (D:2)
  2 bushes
  16 fungi
  7 plants
  7 toadstools (D:2)
34 creatures vanquished.

Grand Total: 539 creatures vanquished

Notes
Turn   | Place    | Note
-------+----------+-------------------------------------------
     0 | D:1      | Jatast the Demonspawn Wanderer began the quest for the Orb.
     0 | D:1      | Jatast set off with: a wand of flame (15), a +0 ring mail, a scroll of teleportation, a +0 club, a ration
     0 | D:1      | Reached XP level 1. HP: 19/19 MP: 2/2
   238 | D:1      | Gained mutation: You have large cloven feet. [demonic ancestry]
   238 | D:1      | Reached XP level 2. HP: 25/25 MP: 3/3
   632 | D:1      | Gained mutation: You are partially covered in icy blue scales. (AC +2) [demonic ancestry]
   632 | D:1      | Reached XP level 3. HP: 32/32 MP: 4/4
   791 | D:1      | Reached skill level 5 in Fighting
  1060 | D:2      | Reached XP level 4. HP: 34/40 MP: 5/5
  1181 | D:2      | Reached XP level 5. HP: 28/46 MP: 6/6
  1952 | D:2      | Reached skill level 1 in Maces & Flails
  2313 | D:3      | Found a transporter.
  2686 | D:3      | Reached skill level 2 in Maces & Flails
  2686 | D:3      | Reached XP level 6. HP: 42/53 MP: 7/7
  3172 | D:3      | Found a transporter.
  3335 | D:4      | Got a crude cloak
  3341 | D:4      | Identified the +1 cloak of Juotiek {+Blink rF+} (You found it on level 4 of the Dungeon)
  3371 | D:4      | Reached skill level 3 in Maces & Flails
  3517 | D:4      | Noticed Dowan
  3522 | D:4      | Noticed Duvessa
  3628 | D:4      | Killed Duvessa
  3628 | D:4      | Reached skill level 4 in Maces & Flails
  3635 | D:4      | Killed Dowan
  3635 | D:4      | Gained mutation: You sometimes gain a little power by taking damage. [demonic ancestry]
  3635 | D:4      | Reached XP level 7. HP: 39/59 MP: 8/8
  3960 | D:4      | Reached skill level 5 in Maces & Flails
  4278 | D:4      | Found an opulent altar of Gozag.
  4483 | D:5      | Entered Level 5 of the Dungeon
  4651 | D:5      | Noticed Ijyb
  4678 | D:5      | Killed Ijyb
  4889 | D:5      | Reached skill level 6 in Maces & Flails
  5330 | D:5      | Gained mutation: Your flesh is heat resistant. (rF+) [demonic ancestry]
  5330 | D:5      | Reached XP level 8. HP: 64/65 MP: 9/9
  5359 | D:5      | Reached skill level 7 in Maces & Flails
  6173 | D:5      | Reached skill level 8 in Maces & Flails
  6731 | D:6      | Reached skill level 9 in Maces & Flails
  6897 | D:6      | Found a sacrificial altar of Ru.
  6948 | D:6      | Reached XP level 9. HP: 54/71 MP: 10/10
  6950 | D:6      | Reached skill level 1 in Shields
  7627 | D:7      | Reached skill level 10 in Maces & Flails
  7753 | D:7      | Noticed removed's ghost (novice DEWr)
  8136 | D:7      | Noticed a manticore
  8151 | D:7      | Killed a manticore
  8234 | D:7      | Reached skill level 5 in Shields
  8561 | D:7      | Paralysed by a crimson imp for 7 turns
  8569 | D:7      | Paralysed by a crimson imp for 7 turns
  8668 | D:7      | Reached XP level 10. HP: 75/77 MP: 11/11
  8808 | D:7      | Found a staircase to the Ecumenical Temple.
  8818 | Temple   | Entered the Ecumenical Temple
  9025 | Temple   | Became a worshipper of Warmaster Okawaru
  9160 | D:7      | Killed removed's ghost
  9224 | D:7      | Found a deep blue altar of Sif Muna.
  9413 | D:7      | Found a hide-covered altar of Uskayaw.
  9414 | D:7      | Found a shimmering altar of Xom.
  9416 | D:7      | Found a bloodstained altar of Trog.
  9418 | D:7      | Found a burning altar of Makhleb.
  9418 | D:7      | Found a glowing golden altar of the Shining One.
  9526 | D:8      | Reached skill level 11 in Maces & Flails
  9535 | D:8      | Reached skill level 1 in Invocations
  9559 | D:8      | Reached * piety under Okawaru
 10044 | D:8      | Got a transparent granite ring
 10046 | D:8      | Identified the ring "Arullobb" {rPois rF- rN++ EV+4 Stlth+} (You found it on level 8 of the Dungeon)
 10052 | D:8      | Found an ancient bone altar of Kikubaaqudgha.
 10859 | D:9      | Reached ** piety under Okawaru
 11275 | D:9      | Noticed an oklob plant
 11291 | D:9      | Reached skill level 5 in Invocations
 11766 | D:9      | Found a roughly hewn altar of Beogh.
 11766 | D:9      | Found a staircase to the Orcish Mines.
 12217 | D:9      | Learned a level 3 spell: Spectral Weapon
 12671 | D:10     | Entered Level 10 of the Dungeon
 12745 | D:10     | Found Doclin's Jewellery Shoppe.
 12771 | D:10     | Found a staircase to the Lair.
 13110 | D:10     | Noticed Fannar
 13550 | D:10     | Gained mutation: You resist negative energy. (rN+) [demonic ancestry]
 13550 | D:10     | Reached XP level 11. HP: 77/83 MP: 15/15
 13582 | D:10     | Reached *** piety under Okawaru
 13593 | D:10     | Received a gift from Okawaru
 13911 | D:10     | Found a roughly hewn altar of Beogh.
 13987 | D:10     | Found a snail-covered altar of Cheibriados.
 14154 | D:10     | Killed Fannar
 14448 | Lair:1   | Entered Level 1 of the Lair of Beasts
 14448 | Lair:1   | Noticed a six-headed hydra
 14463 | D:10     | Reached skill level 12 in Maces & Flails
 14463 | D:10     | HP: 2/83 [six-headed hydra (4)]
 14467 | D:10     | Killed a six-headed hydra
 14937 | Lair:1   | Reached **** piety under Okawaru
 15263 | Lair:1   | Received a gift from Okawaru
 15765 | Lair:2   | Noticed a four-headed hydra
 16159 | Lair:2   | Killed a four-headed hydra
 16168 | Lair:2   | Reached ***** piety under Okawaru
 16176 | Lair:2   | Gained mutation: You sometimes gain power by taking damage. [demonic ancestry]
 16176 | Lair:2   | Reached XP level 12. HP: 68/89 MP: 18/18
 16310 | Lair:2   | Noticed Nergalle
 16333 | Lair:2   | Killed Nergalle
 16342 | Lair:2   | Noticed Sonja
 16378 | Lair:2   | Killed Sonja
 16378 | Lair:2   | Reached skill level 13 in Maces & Flails
 16470 | Lair:2   | Received a gift from Okawaru
 16641 | Lair:2   | Got a faintly humming plate armour {god gift}
 16652 | Lair:2   | Identified the +4 plate armour "Dagyisch" {rC- Regen+ Int+4} (Okawaru gifted it to you on level 2 of the Lair of Beasts)
 17437 | Lair:3   | Reached skill level 10 in Shields
 17802 | Lair:3   | Reached skill level 5 in Armour
 17965 | Lair:4   | Found a hole to the Spider Nest.
 18043 | Lair:4   | Noticed a five-headed hydra
 18050 | Lair:4   | Killed a five-headed hydra
 18109 | Lair:4   | Found a staircase to the Swamp.
 18236 | Lair:4   | Got a clouded graven amulet
 18237 | Lair:4   | Identified the amulet of Quashril {Faith rPois Dex+8 Slay-3} (You found it on level 4 of the Lair of Beasts)
 18457 | Lair:4   | You fall through a shaft for 2 floors!
 18457 | Lair:6   | Entered Level 6 of the Lair of Beasts
 18682 | Lair:6   | Noticed a death yak
 18683 | Lair:6   | Noticed a death yak
 18683 | Lair:6   | Noticed a death yak
 18684 | Lair:6   | Noticed a death yak
 18694 | Lair:6   | Noticed a death yak
 18710 | Lair:6   | Killed a death yak
 18710 | Lair:6   | Gained mutation: You have hoof-like feet. [demonic ancestry]
 18710 | Lair:6   | Reached XP level 13. HP: 81/95 MP: 12/19
 18766 | Lair:6   | Reached skill level 14 in Maces & Flails
 18955 | Lair:6   | Noticed Josephine
 18993 | Lair:6   | Killed Josephine
 19162 | Lair:5   | Received a gift from Okawaru
 19165 | Lair:5   | Got a pair of warped gloves {god gift}
 19176 | Lair:5   | Identified the +0 pair of gloves of Darkness {+Fly rPois rF- rN+} (Okawaru gifted it to you on level 5 of the Lair of Beasts)
 19588 | Lair:5   | Found a staircase to the Slime Pits.
 19588 | Lair:5   | Found a viscous altar of Jiyva.
 20244 | Lair:5   | Noticed Kirke
 20272 | Lair:5   | Slain by a harpy

Skill      XL: |  1  2  3  4  5  6  7  8  9 10 11 12 13 |
---------------+----------------------------------------+-----
Fighting       | 5 6 |  6.8
Maces & Flails | 2 4 6 9 10 11 12 13 14 | 14.4
Shields        | 5 7 9 10 11 | 11.6
Invocations    | 6 8 |  8.1
Armour         | 3 6 8 |  8.0
Bows           | |  1.0
Evocations     | |  2.0

Action                   |  1- 3 |  4- 6 |  7- 9 | 10-12 | 13-15 || total
-------------------------+-------+-------+-------+-------+-------++-------
Melee: Club              |    31 |       |       |       |       ||    31
       Spear             |   139 |    84 |       |       |       ||   223
       Kick              |    18 |    71 |   216 |   375 |   172 ||   852
       Whip              |       |   255 |   392 |       |       ||   647
       Flail             |       |       |   207 |       |       ||   207
       Morningstar       |       |       |   112 |  1166 |   452 ||  1730
       Unarmed           |       |       |       |       |     1 ||     1
Invok: Heroism           |       |       |       |    20 |     8 ||    28
       Finesse           |       |       |       |     4 |     2 ||     6
 Abil: Evoke Blink       |       |       |     1 |     1 |       ||     2
Evoke: Wand              |       |     8 |    15 |    18 |       ||    41
  Use: Potion            |       |     3 |     2 |     1 |       ||     6
       Scroll            |       |       |    11 |     9 |       ||    20
 Stab: Invisible         |       |     2 |       |       |       ||     2
       Paralysed         |       |       |       |     1 |       ||     1
  Eat: Chunk             |     1 |     9 |    25 |    29 |     6 ||    70
       Ration            |       |       |     2 |     1 |       ||     3
Armor: Ring mail         |    79 |    17 |       |       |       ||    96
       Scale mail        |       |   156 |    48 |       |       ||   204
       Chain mail        |       |       |   394 |     4 |       ||   398
       Plate armour      |       |       |       |   554 |   250 ||   804
Dodge: Dodged            |    89 |   147 |   166 |   267 |   221 ||   890
Block: Shield            |       |       |    98 |   621 |   431 ||  1150
